 Dungeon Crawl Stone Soup version 0.22-a0-825-ga28c36f (webtiles) character file.

205 Amnesiac the Magician (level 5, -1/35 HPs)
             Began as a Mummy Earth Elementalist on July 24, 2018.
             Slain by an orc
             ... wielding a +0 hand axe
              (3 damage)
             ... on level 4 of the Dungeon.
             The game lasted 00:02:34 (1664 turns).

Amnesiac the Magician (Mummy Earth Elementalist)    Turns: 1664, Time: 00:02:35

Health: -1/35      AC:  2    Str: 11    XL:     5   Next: 53%
Magic:  8/11       EV: 12    Int: 16    God:
Gold:   49         SH:  2    Dex: 12    Spells: 3/13 levels left

rFire    x . .     SeeInvis .   a - +0 hunting sling
rCold    + . .     Gourm    .   (no shield)
rNeg     + + +     Faith    .   c - +0 robe
rPois    ∞         Spirit   .   (no helmet)
rElec    .         Reflect  +   (no cloak)
rCorr    .         Harm     .   (no gloves)
MR       .....                  (no boots)
Stlth    ++........             f - +2 amulet of reflection
HPRegen  0.11/turn              (no ring)
MPRegen  0.12/turn              (no ring)

@: no status effects
A: no food or potions, fire vulnerability, cold resistance 1, negative energy
resistance 3, torment resistance, unbreathing
a: no special abilities


You were on level 4 of the Dungeon.
You were not hungry.

You visited 1 branch of the dungeon, and saw 5 of its levels.

You collected 49 gold pieces.

Inventory:

Hand Weapons
 a - a +0 hunting sling (weapon)
 h - a +1 whip of electrocution
Missiles
 b - 28 stones (quivered)
Armour
 c - a +0 robe (worn)
Jewellery
 f - a +2 amulet of reflection (around neck)
Scrolls
 d - a scroll of identify {!r, unknown}
 e - a scroll of magic mapping {!r, unknown}
 g - a scroll of enchant armour {!r, unknown}
 i - 2 scrolls of remove curse {!r, unknown}
 j - a scroll of enchant weapon {!r, unknown}


   Skills:
 - Level 1.5 Dodging
 - Level 1.5 Stealth
 + Level 4.5 Spellcasting
 - Level 0.7 Transmutations
 * Level 4.5 Earth Magic


You had 3 spell levels left.
You knew the following spells:

 Your Spells              Type           Power        Failure   Level  Hunger
a - Sandblast             Erth           ###...       2%          1    N/A
b - Passwall              Tmut/Erth      ##......     9%          2    N/A
c - Stone Arrow           Conj/Erth      ##....       19%         3    N/A
e - Petrify               Tmut/Erth      ##......     47%         4    N/A

Your spell library contained the following spells:

 Spells                   Type           Power        Failure   Level  Hunger
 Lee's Rapid Deconstruct  Erth           ###.......   56%         5    N/A

Dungeon Overview and Level Annotations

Branches:
Dungeon (5/15)
 Temple: D:4-7

Altars:
Elyvilon
Qazlal


Innate Abilities, Weirdness & Mutations

You do not eat or drink.
Your flesh is vulnerable to fire.
You are immune to poison.
Your flesh is cold resistant. (rC+)
You are immune to negative energy. (rN+++)
You are immune to unholy pain and torment.
You can survive without breathing.


Message History

An orc comes into view. It is wielding a hand axe.
An orc is nearby!
Firing (i - inventory)
b - 37 stones (quivered)
Press: ? - help, Shift-Dir - straight line, f - orc
Aim: an orc, wielding a hand axe and wearing a leather armour (resting)
You shoot a stone. The stone hits the orc.
The orc shouts!
The orc is lightly wounded.
Firing (i - inventory)
b - 36 stones (quivered)
Press: ? - help, Shift-Dir - straight line, f/p - orc
Aim: an orc, wielding a hand axe and wearing a leather armour (lightly wounded)
You shoot a stone. The stone barely misses the orc.
Firing (i - inventory)
b - 35 stones (quivered)
Press: ? - help, Shift-Dir - straight line, f/p - orc
Aim: an orc, wielding a hand axe and wearing a leather armour (lightly wounded)
You shoot a stone.
The stone hits the orc but does no damage.
The orc is lightly wounded.
Firing (i - inventory)
b - 34 stones (quivered)
Press: ? - help, Shift-Dir - straight line, f/p - orc
Aim: an orc, wielding a hand axe and wearing a leather armour (lightly wounded)
You shoot a stone. The stone barely misses the orc.
The orc hits you with a hand axe.
Firing (i - inventory)
b - 33 stones (quivered)
Press: ? - help, Shift-Dir - straight line, f/p - orc
Aim: an orc, wielding a hand axe and wearing a leather armour (lightly wounded)
You shoot a stone. The stone barely misses the orc.
The orc hits you with a hand axe!
* * * LOW HITPOINT WARNING * * *
Firing (i - inventory)
b - 32 stones (quivered)
Press: ? - help, Shift-Dir - straight line, f/p - orc
Aim: an orc, wielding a hand axe and wearing a leather armour (lightly wounded)
You shoot a stone. The stone hits the orc.
The orc is moderately wounded.
The orc hits you with a hand axe.
* * * LOW HITPOINT WARNING * * *
Casting: Sandblast (safe; 2% risk of failure)
Confirm with . or Enter, or press ? or * to list all spells.
Aiming: Sandblast (safe; 2% risk of failure)
Press: ? - help, Shift-Dir - straight line, f/p - orc
Aim: an orc, wielding a hand axe and wearing a leather armour (moderately wounded)
The blast of sand misses the orc.
b - 30 stones The orc hits you with a hand axe!
* * * LOW HITPOINT WARNING * * *
Casting: Sandblast (safe; 2% risk of failure)
Confirm with . or Enter, or press ? or * to list all spells.
Aiming: Sandblast (safe; 2% risk of failure)
Press: ? - help, Shift-Dir - straight line, f/p - orc
Aim: an orc, wielding a hand axe and wearing a leather armour (lightly wounded)
The blast of sand hits the orc.
The orc is heavily wounded.
b - 29 stones The orc hits you with a hand axe.
* * * LOW HITPOINT WARNING * * *
Casting: Sandblast (safe; 2% risk of failure)
Confirm with . or Enter, or press ? or * to list all spells.
Aiming: Sandblast (safe; 2% risk of failure)
Press: ? - help, Shift-Dir - straight line, f/p - orc
Aim: an orc, wielding a hand axe and wearing a leather armour (heavily wounded)
The blast of sand misses the orc.
b - 28 stones The orc hits you with a hand axe.
You die...

#....'...
#....(.%.....#....##..
#............#....####
#....(.......#....##..
#............###+###..
#.<..........# +...
#....(.......# ####
#....o.......# #...
#....@.......######...
#.....................
#.....................
#...................).
#.....................
#......######.>.......
#......'....#>.....##'
#......#....#......#..
#......#....+....>.#..


You could see an orc.

Vanquished Creatures
  A hound (D:5)
  3 orc wizards
  An orc priest (D:3)
  2 adders (D:2)
  A shadow imp (D:4)
  An adder zombie (D:4)
  2 dart slugs
  6 orcs
  A giant cockroach (D:3)
  A goblin (D:2)
  A hobgoblin (D:2)
  6 jackals
  A bat (D:2)
  A kobold (D:3)
  3 rats
31 creatures vanquished.

Notes
Turn   | Place    | Note
-------+----------+-------------------------------------------
     0 | D:1      | Amnesiac the Mummy Earth Elementalist began the quest for the Orb.
     0 | D:1      | Reached XP level 1. HP: 13/13 MP: 4/4
   487 | D:2      | Reached XP level 2. HP: 18/19 MP: 0/6
   491 | D:2      | Learned a level 2 spell: Passwall
   769 | D:3      | Found a stormy altar of Qazlal.
   770 | D:3      | Found a white marble altar of Elyvilon.
   916 | D:3      | Reached XP level 3. HP: 24/24 MP: 2/8
  1033 | D:3      | Reached XP level 4. HP: 3/30 MP: 0/9
  1091 | D:3      | Learned a level 3 spell: Stone Arrow
  1096 | D:3      | Learned a level 4 spell: Petrify
  1384 | D:4      | Reached XP level 5. HP: 35/35 MP: 8/11
  1525 | D:5      | Entered Level 5 of the Dungeon
  1664 | D:4      | Slain by an orc

Vault maps used:
D:1:      lightli_arrival_quake
D:2:      lemuel_coloured_pillars_altar, nicolae_overflow_hidden_temple
D:3:      gammafunk_temple_overflow_statue, st_stairs_2, roderic_lattice_a
D:5:      overflow_temple_1_default, first_ration, serial_shops, shop,
          uniq_pikel, uniq_eustachio

Skill      XL: |  1  2  3  4 |
---------------+-------------+-----
Spellcasting   | 3 4 |  4.5
Earth Magic    | 3 4 |  4.5
Dodging        | |  1.5
Stealth        | |  1.5
Transmutations | |  0.7

Action                   |  1- 3 |  4- 6 || total
-------------------------+-------+-------++-------
Melee: Unarmed           |    13 |       ||    13
       Hunting sling     |     1 |       ||     1
 Fire: Hunting sling     |    29 |    41 ||    70
 Cast: Sandblast         |    29 |    17 ||    46
Armor: Robe              |    10 |     2 ||    12
Dodge: Dodged            |    26 |    11 ||    37
Block: Other             |     3 |     3 ||     6

Table legend:
 A = Spawn XP
 B = Non-spawn XP
 C = Spawn XP percentage of total XP
 D = Spawn monster count
 E = Non-spawn monster count
 F = Spawn count percentage of total count
 G = Total turns spent on level
                    A         B        C        D         E        F      G
               +---------+---------+-------+---------+---------+-------+---------
         Total |       0 |     294 |   0.0 |       0 |      31 |   0.0 |  1664
               +---------+---------+-------+---------+---------+-------+---------
           D:1 |       0 |       7 |   0.0 |       0 |       4 |   0.0 |   448
           D:2 |       0 |      31 |   0.0 |       0 |       5 |   0.0 |   157
           D:3 |       0 |     140 |   0.0 |       0 |      12 |   0.0 |   755
           D:4 |       0 |      73 |   0.0 |       0 |       9 |   0.0 |   290
           D:5 |       0 |      43 |   0.0 |       0 |       1 |   0.0 |    14
               +---------+---------+-------+---------+---------+-------+---------
